ORI
FLORIDA STATE UNIVERSITY SEMINOLES @ UNIVERSITY OF MINNESOTA GOLDEN GOPHERS
11/12/2048
 
TOP OF THE 1ST
Coastal Carolina University Chanticleers batting - Pitching for Louisiana State University Tigers : RHP D.J. Ganz
Pitching: RHP D.J. Ganz
Batting: RHB Dennis Bennett 0-0: Called Strike
0-1: Swinging Strike
0-2: Fly out, F7 (Flyball, 78M, EV 85.6 MPH)
Batting: LHB Justin Sanders 0-0: SINGLE (Flyball, 89S, EV 95.0 MPH)
Batting: RHB Isaac Washington 0-0: Ball
Justin Sanders is caught stealing 2nd base 2-4
1-0: Ball
2-0: Called Strike
2-1: Fly out, F7 (Flyball, 78D, EV 99.4 MPH)
Top of the 1st over - 0 runs, 1 hit, 0 errors, 0 left on base; Coastal Carolina University 0 - Louisiana State University 0
BOTTOM OF THE 1ST
Louisiana State University Tigers batting - Pitching for Coastal Carolina University Chanticleers : RHP Oscar Fajardo
Pitching: RHP Oscar Fajardo
Batting: LHB Elijah Mallandain 0-0: Ground out 1-3 (Groundball, 23, EV 65.6 MPH)
Batting: RHB Leo Roldan 0-0: Foul Ball, location: 2F
0-1: Ball
1-1: Ball
2-1: Ball
3-1: Fly out, F7 (Flyball, 7LSF, EV 95.6 MPH)
Batting: RHB Winston Vasquez 0-0: Called Strike
0-1: Foul Ball, location: 2F
0-2: Strikes out swinging
Bottom of the 1st over - 0 runs, 0 hits, 0 errors, 0 left on base; Coastal Carolina University 0 - Louisiana State University 0
TOP OF THE 2ND
Coastal Carolina University Chanticleers batting - Pitching for Louisiana State University Tigers : RHP D.J. Ganz
Batting: LHB Orlando Hurtado 0-0: Called Strike
0-1: Fly out, F7 (Flyball, 78S, EV 86.9 MPH)
Batting: RHB Tatsunori Ishigaki 0-0: Ground out U3 (Groundball, 3L, EV 98.8 MPH)
Batting: RHB Fernando Tovar 0-0: Called Strike
0-1: Foul Ball, location: 2F
0-2: Ball
1-2: Strikes out swinging
Top of the 2nd over - 0 runs, 0 hits, 0 errors, 0 left on base; Coastal Carolina University 0 - Louisiana State University 0
BOTTOM OF THE 2ND
Louisiana State University Tigers batting - Pitching for Coastal Carolina University Chanticleers : RHP Oscar Fajardo
Batting: RHB Keith Ashton 0-0: Ball
1-0: Ball
2-0: Fly out, F6 (Popup, 4MS, EV 77.5 MPH)
Batting: RHB Byung-hee Jee 0-0: Ball
1-0: Called Strike
1-1: Called Strike
1-2: Ball
2-2: Strikes out swinging, 2-3 out at first.
Batting: LHB Matt Ellington 0-0: Ball
1-0: Foul Ball, location: 2F
1-1: Swinging Strike
1-2: Ball
2-2: Foul Ball, location: 2F
2-2: Ball
3-2: Base on Balls
Batting: RHB D.J. Ganz 0-0: Foul Ball, location: 2F
0-1: DOUBLE (Line Drive, 9LM, EV 94.4 MPH)
Matt Ellington to third
Batting: RHB Stewart Walker 0-0: Foul Ball, location: 2F
0-1: Ball
1-1: Ball
2-1: Called Strike
2-2: Foul Ball, location: 2F
2-2: Ball
3-2: Foul Ball, location: 2F
3-2: Foul Ball, location: 2F
3-2: Fly out, F4 (Popup, 4D, EV 63.1 MPH)
Bottom of the 2nd over - 0 runs, 1 hit, 0 errors, 2 left on base; Coastal Carolina University 0 - Louisiana State University 0
TOP OF THE 3RD
Coastal Carolina University Chanticleers batting - Pitching for Louisiana State University Tigers : RHP D.J. Ganz
Batting: LHB Ramelan Nasution 0-0: Called Strike
0-1: Ball
1-1: Ball
2-1: Swinging Strike
2-2: Foul Ball, location: 2F
2-2: Ball
3-2: Strikes out swinging
Batting: RHB Chris McDaniel 0-0: Swinging Strike
0-1: Ball
1-1: Called Strike
1-2: Strikes out swinging
Batting: RHB Rene Napoles 0-0: Called Strike
0-1: Swinging Strike
0-2: Strikes out swinging
Top of the 3rd over - 0 runs, 0 hits, 0 errors, 0 left on base; Coastal Carolina University 0 - Louisiana State University 0
BOTTOM OF THE 3RD
Louisiana State University Tigers batting - Pitching for Coastal Carolina University Chanticleers : RHP Oscar Fajardo
Batting: LHB John Carter 0-0: Foul Ball, location: 2F
0-1: Ball
1-1: Swinging Strike
1-2: Ball
2-2: Foul Ball, location: 2F
2-2: Foul Ball, location: 2F
2-2: Strikes out swinging
Batting: LHB Elijah Mallandain 0-0: Ball
1-0: Foul Ball, location: 2F
1-1: Called Strike
1-2: Ball
2-2: Ball
3-2: Ground out U3 (Groundball, 3, EV 86.2 MPH)
Batting: RHB Leo Roldan 0-0: Foul Ball, location: 2F
0-1: Foul Ball, location: 2F
0-2: Ball
1-2: Foul Ball, location: 2F
1-2: Strikes out swinging
Bottom of the 3rd over - 0 runs, 0 hits, 0 errors, 0 left on base; Coastal Carolina University 0 - Louisiana State University 0
TOP OF THE 4TH
Coastal Carolina University Chanticleers batting - Pitching for Louisiana State University Tigers : RHP D.J. Ganz
Batting: RHB Dennis Bennett 0-0: SINGLE (Groundball, 34D, EV 108.8 MPH)
Batting: LHB Justin Sanders 0-0: Ball
1-0: Ball
2-0: Ball
3-0: Base on Balls
Dennis Bennett to second
Batting: RHB Isaac Washington 0-0: Ball
1-0: SINGLE (Line Drive, 56D, EV 99.4 MPH)
Dennis Bennett to third
Justin Sanders to second
Batting: LHB Orlando Hurtado 0-0: Ball
1-0: Ball
2-0: Called Strike
2-1: Fly out, F8 (Line Drive, 8RD, EV 85.6 MPH)
Runner from 3rd tags up, SCORES, throw by CF
Justin Sanders to third
Batting: RHB Tatsunori Ishigaki 0-0: Ball
1-0: Called Strike
1-1: Fly out, F6 (Line Drive, 6, EV 75.0 MPH)
Batting: RHB Fernando Tovar 0-0: Called Strike
0-1: Ball
1-1: Called Strike
1-2: Ball
2-2: Strikes out looking
Top of the 4th over - 1 run, 2 hits, 0 errors, 2 left on base; Coastal Carolina University 1 - Louisiana State University 0
BOTTOM OF THE 4TH
Louisiana State University Tigers batting - Pitching for Coastal Carolina University Chanticleers : RHP Oscar Fajardo
Batting: RHB Winston Vasquez 0-0: Ground out 6-3 (Groundball, 6, EV 87.5 MPH)
Batting: RHB Keith Ashton 0-0: Swinging Strike
0-1: Ball
1-1: SINGLE (Groundball, 6M, EV 98.1 MPH) (infield hit)
Batting: RHB Byung-hee Jee 0-0: Called Strike
0-1: Called Strike
0-2: Strikes out swinging
Batting: LHB Matt Ellington 0-0: Called Strike
0-1: Ball
1-1: Called Strike
1-2: Strikes out swinging
Bottom of the 4th over - 0 runs, 1 hit, 0 errors, 1 left on base; Coastal Carolina University 1 - Louisiana State University 0
TOP OF THE 5TH
Coastal Carolina University Chanticleers batting - Pitching for Louisiana State University Tigers : RHP D.J. Ganz
Batting: LHB Ramelan Nasution 0-0: Swinging Strike
0-1: Swinging Strike
0-2: Strikes out looking
Batting: RHB Chris McDaniel 0-0: Called Strike
0-1: Called Strike
0-2: Foul Ball, location: 2F
0-2: Ground out 5-3 (Groundball, 56, EV 83.1 MPH)
Batting: RHB Rene Napoles 0-0: Called Strike
0-1: Reached on error, E6 (Groundball, 6, EV 85.0 MPH)
Batting: RHB Dennis Bennett 0-0: Called Strike
0-1: SINGLE (Groundball, 34D, EV 99.4 MPH)
Rene Napoles to second
Runner from 2nd tries for 3rd, SAFE, throw by RF made to third
Batting: LHB Justin Sanders 0-0: Swinging Strike
0-1: Ball
1-1: Swinging Strike
1-2: Ball
Wild Pitch!
Rene Napoles scores
Dennis Bennett to second
2-2: Strikes out swinging
Top of the 5th over - 1 run, 1 hit, 1 error, 1 left on base; Coastal Carolina University 2 - Louisiana State University 0
BOTTOM OF THE 5TH
Louisiana State University Tigers batting - Pitching for Coastal Carolina University Chanticleers : RHP Oscar Fajardo
Batting: RHB D.J. Ganz 0-0: Ball
1-0: Called Strike
1-1: Called Strike
1-2: Strikes out swinging
Batting: RHB Stewart Walker 0-0: Foul Ball, location: 2F
0-1: Foul Ball, location: 2F
0-2: Ball
1-2: Foul Ball, location: 2F
1-2: Ground out U3 (Groundball, 3, EV 88.8 MPH)
Batting: LHB John Carter 0-0: Ball
1-0: Foul Ball, location: 2F
1-1: Ball
2-1: Foul Ball, location: 2F
2-2: Foul Ball, location: 2F
2-2: Strikes out swinging
Bottom of the 5th over - 0 runs, 0 hits, 0 errors, 0 left on base; Coastal Carolina University 2 - Louisiana State University 0
TOP OF THE 6TH
Coastal Carolina University Chanticleers batting - Pitching for Louisiana State University Tigers : RHP D.J. Ganz
Batting: RHB Isaac Washington 0-0: Called Strike
0-1: Swinging Strike
0-2: Ball
1-2: Foul Ball, location: 2F
1-2: Strikes out swinging
Batting: LHB Orlando Hurtado 0-0: Swinging Strike
0-1: Swinging Strike
0-2: Foul Ball, location: 2F
0-2: Strikes out swinging
Batting: RHB Tatsunori Ishigaki 0-0: Ball
1-0: Fly out, F8 (Line Drive, 8LD, EV 96.2 MPH)
Top of the 6th over - 0 runs, 0 hits, 0 errors, 0 left on base; Coastal Carolina University 2 - Louisiana State University 0
BOTTOM OF THE 6TH
Louisiana State University Tigers batting - Pitching for Coastal Carolina University Chanticleers : RHP Oscar Fajardo
Batting: LHB Elijah Mallandain 0-0: Ball
1-0: Foul Ball, location: 2F
1-1: Foul Ball, location: 2F
1-2: Strikes out swinging
Pitching: RHP Tony Jaggie
Batting: RHB Leo Roldan 0-0: Ground out 4-3 (Groundball, 4, EV 92.5 MPH)
Batting: RHB Winston Vasquez 0-0: Ball
1-0: Called Strike
1-1: Ball
2-1: Ground out 6-3 (Groundball, 6, EV 81.9 MPH)
Bottom of the 6th over - 0 runs, 0 hits, 0 errors, 0 left on base; Coastal Carolina University 2 - Louisiana State University 0
TOP OF THE 7TH
Coastal Carolina University Chanticleers batting - Pitching for Louisiana State University Tigers : RHP D.J. Ganz
Batting: RHB Fernando Tovar 0-0: Ball
1-0: Ball
2-0: Swinging Strike
2-1: Fly out, F7 (Flyball, 7D, EV 86.9 MPH)
Batting: LHB Ramelan Nasution 0-0: Ball
1-0: Foul Ball, location: 2F
1-1: Foul Ball, location: 2F
1-2: Ball
2-2: Strikes out swinging
Batting: RHB Chris McDaniel 0-0: Ball
1-0: Called Strike
1-1: Ground out 3-1 (Groundball, 34S, EV 90.0 MPH)
Top of the 7th over - 0 runs, 0 hits, 0 errors, 0 left on base; Coastal Carolina University 2 - Louisiana State University 0
BOTTOM OF THE 7TH
Louisiana State University Tigers batting - Pitching for Coastal Carolina University Chanticleers : RHP Tony Jaggie
Batting: RHB Keith Ashton 0-0: Foul Ball, location: 2F
0-1: Ground out 6-3 (Groundball, 6, EV 90.0 MPH)
Batting: RHB Byung-hee Jee 0-0: Foul Ball, location: 2F
0-1: Ball
1-1: Ball
2-1: Foul Ball, location: 2F
2-2: TRIPLE (Line Drive, 89XD, EV 103.1 MPH)
Batting: LHB Matt Ellington 0-0: Called Strike
0-1: Fly out, F7 (Line Drive, 78M, EV 84.4 MPH)
Runner from 3rd tags up, OUT at HOME! 7-2
Bottom of the 7th over - 0 runs, 1 hit, 0 errors, 0 left on base; Coastal Carolina University 2 - Louisiana State University 0
TOP OF THE 8TH
Coastal Carolina University Chanticleers batting - Pitching for Louisiana State University Tigers : RHP D.J. Ganz
Pitching: RHP Jeremy Kolb
Batting: RHB Rene Napoles 0-0: Swinging Strike
0-1: Ball
1-1: Called Strike
1-2: Ball
2-2: Strikes out swinging
Batting: RHB Dennis Bennett 0-0: Ball
1-0: Ball
2-0: Ball
3-0: Base on Balls
Batting: LHB Justin Sanders 0-0: Ball
1-0: Foul Ball, location: 2F
1-1: Ball
2-1: Foul Ball, location: 2F
2-2: Fielders Choice at 2nd, 4-6 (Groundball, 4MS, EV 90.0 MPH)
Batting: RHB Isaac Washington 0-0: Called Strike
Justin Sanders is caught stealing 2nd base 2-4
Top of the 8th over - 0 runs, 0 hits, 0 errors, 0 left on base; Coastal Carolina University 2 - Louisiana State University 0
BOTTOM OF THE 8TH
Louisiana State University Tigers batting - Pitching for Coastal Carolina University Chanticleers : RHP Tony Jaggie
Pitching: RHP Jeff Box
Batting: RHB D.J. Ganz 0-0: Ball
1-0: Ball
2-0: Fly out, F9 (Flyball, 9S, EV 86.9 MPH)
Pinch Hitting: SHB Brian Caruso 0-0: Foul Ball, location: 2F
0-1: Ball
1-1: Ball
2-1: Swinging Strike
2-2: Fly out, F8 (Flyball, 8LXD, EV 88.1 MPH)
Batting: LHB John Carter 0-0: Called Strike
0-1: Fly out, F8 (Flyball, 8RM, EV 91.9 MPH)
Bottom of the 8th over - 0 runs, 0 hits, 0 errors, 0 left on base; Coastal Carolina University 2 - Louisiana State University 0
TOP OF THE 9TH
Coastal Carolina University Chanticleers batting - Pitching for Louisiana State University Tigers : RHP Jeremy Kolb
Now at 1B: Elijah Mallandain
Now in RF: Manny Grado
Batting: RHB Isaac Washington 0-0: Ball
1-0: Ball
2-0: Ball
3-0: Called Strike
3-1: SOLO HOME RUN (Flyball, 7LD, EV 93.8 MPH), Distance : 347 ft
Batting: LHB Orlando Hurtado 0-0: Ball
1-0: Ball
2-0: Ball
3-0: Base on Balls
Batting: RHB Tatsunori Ishigaki 0-0: Ball
1-0: Ball
2-0: Foul Ball, location: 2F
2-1: Hit by Pitch
Orlando Hurtado to second
Pinch Hitting: LHB Nate Kokx 0-0: Swinging Strike
0-1: Ball
1-1: Foul Ball, location: 2F
1-2: Ball
2-2: Fielders Choice at 2nd, 3-6 (Groundball, 3, EV 91.2 MPH)
Orlando Hurtado to third
Pitching: LHP Logan Corrigan
Batting: LHB Ramelan Nasution 0-0: Foul Ball, location: 2F
0-1: Swinging Strike
0-2: Ball
1-2: Grounds into double play, 5-4-3 (Groundball, 5, EV 90.0 MPH)
Top of the 9th over - 1 run, 1 hit, 0 errors, 1 left on base; Coastal Carolina University 3 - Louisiana State University 0
BOTTOM OF THE 9TH
Louisiana State University Tigers batting - Pitching for Coastal Carolina University Chanticleers : RHP Jeff Box
Now at C: Oscar Hernandez
Now at 1B: Nate Kokx
Batting: LHB Elijah Mallandain 0-0: Foul Ball, location: 2F
0-1: TRIPLE (Flyball, 8LXD, EV 101.9 MPH)
Batting: RHB Leo Roldan 0-0: Ball
1-0: Ground out 6-3 (Groundball, 6, EV 81.9 MPH)
Elijah Mallandain scores
Batting: RHB Winston Vasquez 0-0: Called Strike
0-1: SINGLE (Flyball, 8LS, EV 93.1 MPH) - OUT at second base trying to stretch hit.
Pinch Hitting: SHB Paul Blaylock 0-0: Called Strike
0-1: DOUBLE (Line Drive, 78D, EV 112.5 MPH)
Batting: RHB Byung-hee Jee 0-0: Ground out 6-3 (Groundball, 6, EV 110.6 MPH)
Bottom of the 9th over - 1 run, 3 hits, 0 errors, 1 left on base; Coastal Carolina University 3 - Louisiana State University 1
Tuesday, March 28th , 2023 - OOTP Baseball 23.10 Build 110